 Dungeon Crawl Stone Soup version 0.25-b1-37-g2669288c55 (webtiles) character file.

Game seed: 18165128465340618864

1158 grindst0ne the Fighter (level 8, -7/71 HPs)
             Began as a Demonspawn Gladiator on June 4, 2020.
             Splashed by a centaur's acid (14 damage)
             ... on level 6 of the Dungeon.
             The game lasted 00:07:54 (6212 turns).

grindst0ne the Fighter (Demonspawn Gladiator)       Turns: 6212, Time: 00:07:54

Health: -7/71      AC: 11    Str: 15    XL:     8   Next: 16%
Magic:  8/8        EV: 15    Int: 12    God:
Gold:   263        SH:  0    Dex: 14    Spells: 5/7 levels left

rFire    + . .     SeeInvis .   J - +0 broad axe
rCold    . . .     Gourm    .   (no shield)
rNeg     . . .     Faith    .   m - +0 ring mail
rPois    .         Spirit   .   c - +0 helmet
rElec    .         Reflect  +   G - +0 cloak
rCorr    .         Harm     .   q - +0 pair of gloves
MR       .....                  (no boots)
Stlth    +.........             M - amulet of reflection
HPRegen  0.21/turn              B - ring of protection from fire
MPRegen  0.11/turn              A - +4 ring of evasion

@: no status effects
A: molten scales 2, demonic guardian 1
a: no special abilities


You were on level 6 of the Dungeon.
You were not hungry.

You visited 1 branch of the dungeon, and saw 6 of its levels.

You collected 263 gold pieces.

Inventory:

Hand Weapons
 J - a +0 broad axe (weapon)
Missiles
 d - 3 throwing nets (quivered)
Armour
 b - a +0 leather armour
 c - a +0 helmet (worn)
 m - a +0 ring mail (worn)
 n - a +0 buckler
 q - a +0 pair of gloves (worn)
 G - a +0 cloak (worn)
Jewellery
 y - an uncursed amulet of guardian spirit
 A - a +4 ring of evasion (right hand)
 B - a ring of protection from fire (left hand)
 H - the ring "Evaes" {Fire Int+4}
   (You found it on level 5 of the Dungeon)

   [ring of fire]

   It enhances your fire magic.
   It affects your intelligence (+4).
   It protects you from fire.
   It makes you vulnerable to cold.
 M - an amulet of reflection (around neck)
Wands
 C - a wand of enslavement (8)
 D - a wand of iceblast (3)
Scrolls
 a - a scroll of fog {unknown}
 i - 7 scrolls of identify {unknown}
 j - 2 scrolls of enchant armour {unknown}
 k - a scroll of enchant weapon {unknown}
 r - a scroll of teleportation {unknown}
 u - 3 scrolls of remove curse {unknown}
 w - 2 scrolls of fear {unknown}
 x - 2 scrolls of magic mapping {unknown}
 F - a scroll of immolation {unknown}
 K - a scroll of amnesia {unknown}
Potions
 e - a potion of flight {unknown}
 g - a potion of cancellation {unknown}
 h - a potion of berserk rage {unknown}
 l - a potion of haste {unknown}
 o - a potion of brilliance {unknown}
 p - 5 potions of curing {unknown}
 s - 2 potions of resistance {unknown}
 t - 2 potions of lignification {unknown}
 v - a potion of mutation {unknown}
 z - 2 potions of heal wounds {unknown}
 E - a potion of magic {unknown}
 I - a potion of degeneration {unknown}
Comestibles
 f - 12 rations
 L - a chunk of flesh


   Skills:
 + Level 9.3 Fighting
 + Level 4.0 Axes
 - Level 1.7 Throwing
 - Level 2.6 Dodging


You had 5 spell levels left.
You knew the following spells:

 Your Spells              Type           Power        Failure   Level  Hunger
a - Blink                 Tloc           N/A          69%         2    ###....

Your spell library contained the following spells:

 Spells                   Type           Power        Failure   Level  Hunger
 Animate Skeleton         Necr           N/A          54%         1    ##.....
 Apportation              Tloc           #.....       54%         1    ##.....
 Corona                   Hex            #......      54%         1    ##.....
 Magic Dart               Conj           #...         54%         1    ##.....
 Summon Small Mammal      Summ           #...         54%         1    ##.....
 Call Imp                 Summ           #.......     69%         2    ###....
 Slow                     Hex            #.......     69%         2    ###....
 Conjure Flame            Conj/Fire      #.......     89%         3    ####...
 Mephitic Cloud           Conj/Pois/Air  #.......     89%         3    ####...


Dungeon Overview and Level Annotations

Branches:
Dungeon (6/15)
 Temple: D:4-7

Altars:
Fedhas
Gozag
Hepliaklqana
Makhleb
Qazlal
Vehumet
Yredelemnul


Innate Abilities, Weirdness & Mutations

You are mostly covered in molten scales. (AC +3)
A weak demonic guardian rushes to your aid.


Message History

The centaur wields a +0 shortbow.
The centaur shoots an arrow.
The arrow barely misses you.
The centaur shoots an arrow.
The arrow hits you!
The centaur zaps a wand.
The bolt of acid hits you.
You are splashed with acid!
You hear an angry hiss.
You see here an arrow.
You are too injured to fight recklessly!
You are too injured to fight recklessly!
You are too injured to fight recklessly!
You are too injured to fight recklessly!
You are too injured to fight recklessly!
A leopard gecko comes into view.
The centaur shoots an arrow.
The arrow closely misses you.
Found a scroll labeled BISISEP XAOCWI.
The centaur shoots an arrow.
The arrow hits you!
* * * LOW HITPOINT WARNING * * *
The centaur zaps a wand.
The bolt of acid hits you!
* * * LOW HITPOINT WARNING * * *
You are splashed with acid!
You die...

###....................
##....................
##..................#
##............<......
#................... #
###.....#..........
#..##.....##.......(.
..........5........##
#......(.(..@.c.l...
##.....###......#...
#..>... #.......#
...............#...
.............#.# ...
...###...##...... ..
.## #...? ####.... .
##..# #...


You could see a centaur, a leopard gecko and a friendly iron imp (summoned).

Vanquished Creatures
  An orc warrior (D:6)
  An ice beast (D:6)
  A phantom (D:4)
  An ogre (D:4)
  2 centaurs (D:5)
  A scorpion (D:5)
  A howler monkey (D:6)
  A crimson imp (D:5)
  Crazy Yiuf (D:5)
  2 hounds (D:5)
  An iguana (D:5)
  3 orc wizards
  A worker ant (D:3)
  7 adders
  4 gnolls (D:3)
  4 oozes
  An adder zombie (D:6)
  2 adder skeletons
  5 worms
  2 dart slugs (D:1)
  5 leopard geckos
  9 orcs
  4 bats
  9 giant cockroaches
  7 goblins
  11 hobgoblins
  12 jackals
  12 kobolds
  3 quokkas
  A ball python (D:1)
  6 frilled lizards
  A quokka skeleton (D:6)
  A quokka zombie (D:5)
  9 rats
132 creatures vanquished.

Vanquished Creatures (collateral kills)
  Menkaure (D:5)
  A hound (D:3)
  A centaur skeleton (D:4)
  A worker ant (D:4)
  An adder (D:6)
  3 orcs
  A giant cockroach (D:5)
  A rat (D:3)
10 creatures vanquished.

Vanquished Creatures (others)
  A hound (D:5)
1 creature vanquished.

Grand Total: 143 creatures vanquished

Notes
Turn   | Place    | Note
-------+----------+-------------------------------------------
     0 | D:1      | grindst0ne the Demonspawn Gladiator began the quest for the
                  | Orb.
     0 | D:1      | Reached XP level 1. HP: 16/16 MP: 1/1
   125 | D:1      | Gained mutation: You are partially covered in molten
                  | scales. (AC +2) [demonic ancestry]
   125 | D:1      | Reached XP level 2. HP: 21/23 MP: 2/2
   128 | D:1      | Reached skill level 3 in Fighting
   581 | D:1      | Gained mutation: A weak demonic guardian rushes to your
                  | aid. [demonic ancestry]
   581 | D:1      | Reached XP level 3. HP: 29/29 MP: 3/3
   934 | D:2      | Reached skill level 4 in Fighting
  1226 | D:2      | Reached XP level 4. HP: 38/38 MP: 4/4
  2313 | D:3      | Reached skill level 5 in Fighting
  2323 | D:3      | Reached XP level 5. HP: 34/44 MP: 5/5
  2638 | D:3      | Reached skill level 6 in Fighting
  2776 | D:3      | Found a stormy altar of Qazlal.
  2945 | D:3      | Gained mutation: You are mostly covered in molten scales.
                  | (AC +3) [demonic ancestry]
  2945 | D:3      | Reached XP level 6. HP: 37/53 MP: 6/6
  3520 | D:4      | Found a hazy altar of Hepliaklqana.
  3598 | D:4      | Found an opulent altar of Gozag.
  3666 | D:4      | Reached skill level 7 in Fighting
  4082 | D:4      | Found a basalt altar of Yredelemnul.
  4285 | D:4      | Found a burning altar of Makhleb.
  4285 | D:4      | Noticed a green death
  4322 | D:5      | Entered Level 5 of the Dungeon
  4341 | D:5      | Reached XP level 7. HP: 38/61 MP: 7/7
  4610 | D:5      | Noticed Menkaure
  4623 | D:5      | Killed Menkaure
  4623 | D:5      | Reached skill level 8 in Fighting
  4990 | D:5      | Found a runed translucent door.
  4991 | D:5      | Noticed Crazy Yiuf
  5081 | D:5      | Found a radiant altar of Vehumet.
  5513 | D:5      | Got a scorched iron ring
  5516 | D:5      | Identified the ring "Evaes" {Fire Int+4} (You found it on
                  | level 5 of the Dungeon)
  5716 | D:5      | Learned a level 2 spell: Blink
  5750 | D:5      | Found a blossoming altar of Fedhas.
  5812 | D:5      | Reached skill level 9 in Fighting
  6029 | D:5      | Killed Crazy Yiuf
  6111 | D:6      | Reached XP level 8. HP: 45/71 MP: 6/8
  6212 | D:6      | Splashed by a centaur's acid

Illustrated notes

Levels and vault maps discovered:
D:1:      ncdulo_watergridlock, layout_rooms, minmay_worlds_worst_comb
D:2:      layout_loops_corners
D:3:      layout_basic, nicolae_qazlal_eye_of_the_storm, first_ration
D:4:      layout_loops_ring, nicolae_overflow_hidden_temple, lemuel_round_altar,
          kennysheep_little_box, makhleb_altar_promises_db
D:5:      layout_loops_ring, kennysheep_mini, fiery_altar_vehumet,
          uniq_menkaure, uniq_crazy_yiuf_cottage
D:6:      layout_cave_pools, uniq_sigmund

Skill      XL: |  1  2  3  4  5  6  7  8 |
---------------+-------------------------+-----
Fighting       | 3 4 5 6 7 9 |  9.3
Axes           | 3 4 |  4.0
Throwing       | |  1.7
Dodging        | |  2.6

Action                   |  1- 3 |  4- 6 |  7- 9 || total
-------------------------+-------+-------+-------++-------
Melee: War axe           |    95 |   236 |    60 ||   391
       Broad axe         |       |       |    51 ||    51
  Eat: Chunk             |     1 |    10 |     7 ||    18
Armor: Leather armour    |    11 |       |       ||    11
       Ring mail         |    29 |   127 |    60 ||   216
Dodge: Dodged            |    74 |   169 |    94 ||   337
